 Dungeon Crawl Stone Soup version 0.19-a0-821-gf489216 (webtiles) character file.

102 4thArraOfDagon the Vexing (level 4, 0/30 HPs)
             Began as a Mummy Enchanter on June 29, 2016.
             Killed from afar by an orc wizard (16 damage)
             ... with a puff of flame
             ... on level 3 of the Dungeon.
             The game lasted 00:08:40 (1455 turns).

4thArraOfDagon the Vexing (Mummy Enchanter)         Turns: 1455, Time: 00:08:42

Health: 0/30       AC:  9    Str: 11    XL:     4   Next: 50%
Magic:  3/7        EV: 12    Int: 15    God:
Gold:   171        SH:  0    Dex: 12    Spells: 3 memorised, 1 level left

rFire  x . .     SeeInvis .     d - +3 dagger
rCold  + . .     Gourm    .     b - +1 robe
rNeg   + + +     Faith    .     (no shield)
rPois  ∞         Spirit   .     i - +2 helmet
rElec  .         Dismiss  .     e - +1 cloak
rCorr  .         Reflect  .     (no gloves)
SustAt .         Harm     .     l - +0 pair of boots
MR     .....                    (no amulet)
Stlth  +.........               (no ring)
                                (no ring)

@: confused, not resistant to hostile enchantments, very unstealthy
A: no food or potions, fire vulnerability, cold resistance 1, negative energy
resistance 3, torment resistance, unbreathing
a: no special abilities


You were on level 3 of the Dungeon.
You were not hungry.

You visited 2 branches of the dungeon, and saw 6 of its levels.

You collected 171 gold pieces.

Inventory:

Hand Weapons
 a - a +1 dagger
 d - a +3 dagger (weapon)
Armour
 b - a +1 robe (worn)
 e - a +1 cloak (worn)
 i - a +2 helmet (worn)
 l - a +0 pair of boots (worn)
Scrolls
 f - a scroll of noise
 g - a scroll of recharging
 h - a scroll of blinking
 j - 3 scrolls of remove curse
 k - a scroll of fog
Books
 c - a book of Maledictions

   Spells                             Type                      Level
   a - Corona                         Hexes                        1
   b - Ensorcelled Hibernation        Hexes/Ice                    2
   c - Confuse                        Hexes                        3
   d - Tukima's Dance                 Hexes                        3
   e - Dazzling Spray                 Conjuration/Hexes            3


   Skills:
 * Level 2.4 Short Blades
 - Level 1.5 Dodging
 - Level 2.4 Stealth
 - Level 2.0 Spellcasting
 + Level 3.3 Hexes
 * Level 1.6 Ice Magic


You had one spell level left.
You knew the following spells:

 Your Spells              Type           Power        Failure   Level  Hunger
a - Corona                Hex            ##.....      8%          1    N/A
b - Ensorcelled Hibernat  Hex/Ice        #.....       14%         2    N/A
c - Confuse               Hex            ##......     21%         3    N/A

Dungeon Overview and Level Annotations

Branches:
Dungeon (5/15)             Temple (1/1) D:5

Altars:
Ashenzari
Dithmenos
Fedhas
Hepliaklqana
Makhleb
Nemelex Xobeh
Pakellas
Ru
Trog
Yredelemnul
Zin

Shops:
D:4 !


Innate Abilities, Weirdness & Mutations

You do not eat or drink.
Your flesh is vulnerable to fire.
You are immune to poison.
Your flesh is cold resistant. (rC+)
You are immune to negative energy. (rN+++)
You are immune to unholy pain and torment.
You can survive without breathing.


Message History

Aim: an orc wizard, wielding a dagger and wearing a robe (chance to defeat MR: 39%)
The orc wizard resists with some effort.
The orc wizard points at you and mumbles some strange words.
You are confused.
Unknown command.
You're too confused to cast spells.
You bump into the rock wall.
The orc wizard gestures at you while chanting.
The magic dart hits you!
Unknown command.
You bump into the rock wall.
The orc wizard hits you with a dagger.
The orc wizard points at you and mumbles some strange words.
The magic dart hits you!
You're too confused!
You bump into the rock wall.
The worker ant twitches its antennae in your direction.
The orc wizard points at you and mumbles some strange words.
The puff of flame hits you! The fire burns you terribly!
Ouch! That really hurt!
You die...

##.#.###.................
#............########....
#####.##.##### #....
.##.###############.
.##>......w.......'.
.##.#######......##.
.##.# #...†..##. .##.#
#......### #@# #......###
#.# #......... #o#
#.o.(.....
#o#######..o......
#o........o###...o
#.##og........# ....
....a..>......# ....
.###..........# ...
#.######.###


You could see a worker ant, an orc wizard, 3 orcs and a hobgoblin.

Vanquished Creatures
  An iguana (D:4)
  A worker ant (D:4)
  An adder (D:3)
  An adder skeleton (D:4)
  A worm (D:4)
  A giant gecko (D:3)
  5 orcs
  A ball python (D:2)
  6 bats
  3 giant cockroaches
  2 goblins
  4 hobgoblins (D:2)
  A quokka (D:2)
  A giant newt (D:2)
  2 kobolds (D:2)
  3 rats
34 creatures vanquished.

Notes
Turn   | Place    | Note
--------------------------------------------------------------
     0 | D:1      | 4thArraOfDagon the Mummy Enchanter began the quest for the Orb.
     0 | D:1      | Reached XP level 1. HP: 13/13 MP: 3/3
   160 | D:2      | Reached skill level 1 in Short Blades
   242 | D:2      | Reached XP level 2. HP: 6/19 MP: 3/5
   246 | D:2      | Learned a level 2 spell: Ensorcelled Hibernation
   363 | D:2      | Reached skill level 3 in Hexes
   513 | D:3      | Reached XP level 3. HP: 20/24 MP: 4/6
   529 | D:4      | Found Yquci's Distillery.
   530 | D:4      | Noticed a phantom
   534 | D:4      | Reached skill level 1 in Ice Magic
   542 | D:5      | Entered Level 5 of the Dungeon
   625 | D:5      | Found a staircase to the Ecumenical Temple.
   632 | Temple   | Entered the Ecumenical Temple
   732 | D:5      | Noticed a water moccasin
   754 | D:5      | Learned a level 3 spell: Confuse
  1018 | D:4      | Reached XP level 4. HP: 23/30 MP: 4/7
  1148 | D:4      | Noticed a phantom
  1257 | D:4      | Noticed a hungry ghost
  1455 | D:3      | Killed from afar by an orc wizard

Vault maps used:
D:1:      eino_arrival_cavern_b
D:2:      first_bread
D:4:      serial_shops, shop_coins, shop
D:5:      lemuel_crystal_altar, gup_sewer_entry_bubbles, basic_altar
Temple:   minmay_temple_curvy_loop

Skill      XL: |  1  2  3 |
---------------+----------+-----
Short Blades   | 1 2 |  2.4
Hexes          | 3 |  3.3
Ice Magic      | 1 |  1.6
Dodging        | |  1.5
Stealth        | |  2.4
Spellcasting   | |  2.0

Action                   |  1- 3 |  4- 6 || total
-------------------------+-------+-------++-------
Melee: Dagger            |    77 |    32 ||   109
 Cast: Corona            |    13 |       ||    13
       Ensorcelled Hiber |    12 |     5 ||    17
       Confuse           |       |     1 ||     1
  Use: Scroll            |     7 |     1 ||     8
 Stab: Sleeping          |    16 |     2 ||    18
Armor: Robe              |    23 |    12 ||    35
Dodge: Dodged            |    58 |    13 ||    71
